 Dungeon Crawl Stone Soup version 0.23-a0-584-g44dd78f (webtiles) character file.

88 Lavandula the Cutter (level 4, 0/27 HPs)
             Began as a Halfling Enchanter on Dec 17, 2018.
             Slain by a river rat (3 damage)
             ... in a sewer.
             The game lasted 00:06:21 (1661 turns).

Lavandula the Cutter (Halfling Enchanter)           Turns: 1661, Time: 00:06:22

Health: 0/27       AC:  3    Str:  9    XL:     4   Next: 81%
Magic:  0/6        EV: 20    Int: 14    God:
Gold:   75         SH:  0    Dex: 19    Spells: 0/6 levels left

rFire    . . .     SeeInvis .   a - +1 dagger
rCold    . . .     Gourm    +   (shield restricted)
rNeg     . . .     Faith    .   b - +0 robe
rPois    .         Spirit   .   (no helmet)
rElec    .         Reflect  .   (no cloak)
rCorr    .         Harm     .   j - +0 pair of gloves
MR       .....                  (no boots)
Stlth    ++++......             g - amulet of the gourmand
HPRegen  0.09/turn              (no ring)
MPRegen  0.10/turn              (no ring)

@: agile, very slightly contaminated
A: small, mutation resistance 1
a: no special abilities


You were in a sewer.
You were not hungry.

You visited 1 branch of the dungeon, and saw 4 of its levels.
You also visited: Sewer.

You collected 75 gold pieces.

Inventory:

Hand Weapons
 a - a +1 dagger (weapon)
Missiles
 i - 6 tomahawks (quivered)
 l - 12 sling bullets
Armour
 b - a +0 robe (worn)
 j - a +0 pair of gloves (worn)
Jewellery
 g - an amulet of the gourmand (around neck)
Scrolls
 c - a scroll of magic mapping {unknown}
 e - a scroll of blinking
 f - 2 scrolls of remove curse
 k - a scroll of immolation {unknown}
 m - a scroll of teleportation {unknown}
 n - 2 scrolls of fear {unknown}
Potions
 h - a potion of agility
Comestibles
 d - 3 rations


   Skills:
 + Level 5.1 Short Blades
 - Level 2.1 Dodging
 - Level 3.2 Stealth
 - Level 1.5 Spellcasting
 - Level 2.4 Hexes


You couldn't memorise any spells.
You knew the following spells:

 Your Spells              Type           Power        Failure   Level  Hunger
a - Corona                Hex            #......      10%         1    ##.....
b - Ensorcelled Hibernat  Hex/Ice        #.....       22%         2    ###....
c - Confuse               Hex            #.......     28%         3    ####...

Your spell library contained the following spells:

 Spells                   Type           Power        Failure   Level  Hunger
 Tukima's Dance           Hex            #.......     28%         3    ####...
 Dazzling Spray           Conj/Hex       #.....       41%         3    ####...


Dungeon Overview and Level Annotations

Branches:
Dungeon (4/15)
 Temple: D:4-7

Altars:

Annotations:
D:3 1 runed door, Tovarisch's ghost, amateur FeAK


Innate Abilities, Weirdness & Mutations

You are small and have problems with some larger weapons.
You are somewhat resistant to further mutation.


Message History

The river rat completely misses you.
You hit the river rat but do no damage.
The river rat is severely wounded.
The river rat bites you.
* * * LOW HITPOINT WARNING * * *
You barely miss the river rat.
The river rat is severely wounded.
The river rat completely misses you.
Okay, then.
You hit the river rat but do no damage.
The river rat is severely wounded.
Casting: Ensorcelled Hibernation (safe; 22% risk of failure)
Confirm with . or Enter, or press ? or * to list all spells.
Aiming: Ensorcelled Hibernation (safe; 22% risk of failure)
Press: ? - help, Shift-Dir - straight line, f/p - river rat
Aim: a river rat (severely wounded, chance to defeat MR: 45%)
You miscast Ensorcelled Hibernation.
You are very lightly contaminated with residual magic.
Frost covers your body. The river rat bites you.
You die...

# .# #r# #.# ##.#
##########.#####################
≈≈≈≈#≈≈.≈....≈r@≈...l≈≈.≈≈≈≈≈.≈l
≈≈≈≈#≈≈.≈...≈.≈.≈...≈≈≈≈≈≈≈≈≈...
########################.######
#≈# #≈# #.# #≈# #≈# #≈#


You could see a river rat and a frilled lizard.

Vanquished Creatures
  A worker ant (D:3)
  A gnoll (D:3)
  3 adders
  An adder zombie (D:3)
  3 ball pythons (Sewer)
  2 giant cockroaches (D:3)
  2 goblins (D:3)
  4 hobgoblins (D:1)
  2 bats
  4 frilled lizards
  A kobold (D:2)
  5 rats
29 creatures vanquished.

Notes
Turn   | Place    | Note
-------+----------+-------------------------------------------
     0 | D:1      | Lavandula the Halfling Enchanter began the quest for the
                  | Orb.
     0 | D:1      | Reached XP level 1. HP: 11/11 MP: 3/3
   112 | D:1      | Reached skill level 2 in Short Blades
   589 | D:1      | Reached XP level 2. HP: 17/17 MP: 2/4
   726 | D:3      | Found a runed door.
   728 | D:3      | Noticed Tovarisch's ghost (amateur FeAK)
   872 | D:4      | Learned a level 2 spell: Ensorcelled Hibernation
   876 | D:3      | Reached skill level 3 in Short Blades
   876 | D:3      | Reached XP level 3. HP: 21/21 MP: 0/5
  1082 | D:3      | Reached skill level 4 in Short Blades
  1082 | D:3      | Reached XP level 4. HP: 27/27 MP: 6/6
  1267 | D:3      | Found a glowing drain.
  1276 | Sewer    | Entered a sewer
  1281 | Sewer    | Learned a level 3 spell: Confuse
  1525 | Sewer    | Reached skill level 5 in Short Blades
  1661 | Sewer    | Slain by a river rat

Vault maps used:
D:1:      dpeg_arrival_signposts, serial_rivers, chequers_serial_rivers_micro_d,
          chequers_serial_rivers_small_b, chequers_serial_rivers_large_b,
          chequers_serial_rivers_room_a, chequers_serial_rivers_small_b
D:2:      chequers_ecumenical_altar_simple_redux, first_ration,
          minmay_worlds_worst_comb
D:3:      kennysheep_six_static_rooms, ebering_ghost_sewer_f,
          gup_sewer_entry_bowl, minmay_misc_feat_doors, uniq_ijyb
D:4:      wad_pebble_path, gammafunk_ghost_mausoleum
Sewer:    sewer_co_cracked_pipes

Skill      XL: |  1  2  3  4 |
---------------+-------------+-----
Short Blades   | 2 3 4 5 |  5.1
Dodging        | |  2.1
Stealth        | |  3.2
Spellcasting   | |  1.5
Hexes          | |  2.4

Action                   |  1- 3 |  4- 6 || total
-------------------------+-------+-------++-------
Melee: Dagger            |    69 |    73 ||   142
 Cast: Corona            |     7 |     1 ||     8
       Ensorcelled Hiber |     2 |     7 ||     9
  Use: Scroll            |     2 |       ||     2
       Potion            |       |     2 ||     2
 Stab: Sleeping          |     5 |     2 ||     7
  Eat: Chunk             |       |     4 ||     4
Armor: Robe              |     3 |     9 ||    12
Dodge: Dodged            |    54 |    53 ||   107

Table legend:
 A = Non-vault XP
 B = Vault XP
 C = Vault XP percentage of total XP
 D = Non-vault monster count
 E = Vault monster count
 F = Vault count percentage of total count
                 A         B        C        D         E       F
            +---------+---------+-------+---------+---------+-------
      Total |      99 |      27 |  21.4 |      17 |      12 |  41.4
            +---------+---------+-------+---------+---------+-------
        D:1 |      10 |       0 |   0.0 |       6 |       0 |   0.0
        D:2 |       2 |       0 |   0.0 |       2 |       0 |   0.0
        D:3 |      87 |       5 |   5.4 |       9 |       4 |  30.8
      Sewer |       0 |      22 | 100.0 |       0 |       8 | 100.0
            +---------+---------+-------+---------+---------+-------
